Match 37922195
Unlisted

Match 37922195
End
Scout Squad
Scout Squad
Selects Airborne Battlegroup
Selects Pathfinders
Construct Weapon Support Center
M1919 Machine Gun Team
Mechanized Support Center
Selects Paratrooper Squad Paradrop
Paratrooper Squad Paradrop
M16 Multiple Gun Motor Carriage
M3 Armored Personnel Carrier
Designate Forward Repair Station
M3 75 mm Gun Motor Carriage
Construct Tank Depot
Selects Anti-tank Gun Team Paradrop
Anti-tank Gun Team Paradrop
Anti-tank Gun Team Paradrop
Paratrooper Squad Paradrop
M4(105) Sherman Bulldozer
Selects Recon Loiter
Selects Supply Drop
Selects Dual P-47 Rocket Strike
Dual P-47 Rocket Strike
Izzy
PayPerPaper
mordfustang
TOPGUN =★=
petslore
Sex Captain
0
0

Comments sign in to comment!

No comments posted yet!